MLB
LOS ANGELES DODGERS @ OAKLAND ATHLETICS
05/27/2098
 
TOP OF THE 1ST
Los Angeles Dodgers batting - Pitching for Oakland Athletics : LHP Brendon Howell
Pitching: LHP Brendon Howell
Batting: RHB Brad Horwath 0-0: Foul Ball, location: 2F
0-1: Fly out, F2 (Popup, 25F, EV 88.8 MPH)
Batting: RHB Dan Boyd 0-0: Called Strike
0-1: Swinging Strike
0-2: Hit by Pitch
Batting: RHB John Spohn 0-0: Ball
1-0: Ball
2-0: Grounds into double play, 6-4-3 (Groundball, 56, EV 92.5 MPH)
Top of the 1st over - 0 runs, 0 hits, 0 errors, 0 left on base; Los Angeles 0 - Oakland 0
BOTTOM OF THE 1ST
Oakland Athletics batting - Pitching for Los Angeles Dodgers : LHP Mike Rumschlag
Pitching: LHP Mike Rumschlag
Batting: LHB Ryan Tipton 0-0: Swinging Strike
0-1: Ball
1-1: Foul Ball, location: 7LSF
1-2: Foul Ball, location: 5SF
1-2: Ball
2-2: Strikes out looking
Batting: RHB Ben Celeste 0-0: Ball
1-0: Ball
2-0: Ball
3-0: Called Strike
3-1: Foul Ball, location: 9LDF
3-2: Ground out 2-3 (Groundball, 15S, EV 76.9 MPH)
Batting: LHB Pat Wilson 0-0: Foul Ball, location: 23FF
0-1: Swinging Strike
0-2: Strikes out swinging
Bottom of the 1st over - 0 runs, 0 hits, 0 errors, 0 left on base; Los Angeles 0 - Oakland 0
TOP OF THE 2ND
Los Angeles Dodgers batting - Pitching for Oakland Athletics : LHP Brendon Howell
Batting: RHB Victor Salinas 0-0: Swinging Strike
0-1: Called Strike
0-2: Strikes out swinging
Batting: LHB Greg Thompson 0-0: Called Strike
0-1: Ball
1-1: Hit by Pitch
Batting: RHB Luis Lozada 0-0: Fly out, F8 (Flyball, 8RD, EV 96.3 MPH)
Batting: RHB Bryan Uplinger 0-0: DOUBLE (Groundball, 5L, EV 95.6 MPH)
Greg Thompson to third
Batting: RHB Ron Ascencio 0-0: Ball
1-0: Ball
Wild Pitch!
Greg Thompson scores
Bryan Uplinger to third
2-0: Ball
3-0: Called Strike
3-1: Foul Ball, location: 2F
3-2: Foul Ball, location: 25F
3-2: Hit by Pitch
Batting: SHB Freddie Mitchell 0-0: Swinging Strike
0-1: Fly out, F7 (Flyball, 78D, EV 96.3 MPH)
Top of the 2nd over - 1 run, 1 hit, 0 errors, 2 left on base; Los Angeles 1 - Oakland 0
BOTTOM OF THE 2ND
Oakland Athletics batting - Pitching for Los Angeles Dodgers : LHP Mike Rumschlag
Batting: LHB Ivan Suarez 0-0: Ball
1-0: Ball
2-0: Called Strike
2-1: Ball
3-1: Swinging Strike
3-2: Foul Ball, location: 3FF
3-2: Ground out 6-3 (Groundball, 6, EV 104.4 MPH)
Batting: RHB Randy Fowler 0-0: Called Strike
0-1: Ball
1-1: Swinging Strike
1-2: Ball
2-2: Strikes out swinging
Batting: RHB Joey George 0-0: Ball
1-0: Ball
2-0: SINGLE (Groundball, 4MD, EV 105.6 MPH)
Batting: RHB Jerome Bathgate 0-0: Ball
1-0: Swinging Strike
1-1: Hit by Pitch
Joey George to second
Batting: LHB Gene Del Vecchio 0-0: Called Strike
0-1: Fly out, F9 (Line Drive, 9, EV 95.0 MPH)
Bottom of the 2nd over - 0 runs, 1 hit, 0 errors, 2 left on base; Los Angeles 1 - Oakland 0
TOP OF THE 3RD
Los Angeles Dodgers batting - Pitching for Oakland Athletics : LHP Brendon Howell
Batting: RHB Brad Horwath 0-0: Ball
1-0: Ball
2-0: Fly out, F8 (Flyball, 8LXD, EV 109.4 MPH)
Batting: RHB Dan Boyd 0-0: Called Strike
0-1: Foul Ball, location: 25FF
0-2: Ball
1-2: SINGLE (Line Drive, 89S, EV 91.9 MPH)
Batting: RHB John Spohn 0-0: Called Strike
Dan Boyd is caught stealing 2nd base 2-4
0-1: Ball
1-1: Ball
2-1: Called Strike
2-2: Ball
3-2: Strikes out swinging
Top of the 3rd over - 0 runs, 1 hit, 0 errors, 0 left on base; Los Angeles 1 - Oakland 0
BOTTOM OF THE 3RD
Oakland Athletics batting - Pitching for Los Angeles Dodgers : LHP Mike Rumschlag
Batting: RHB Tom Karr 0-0: Ground out 5-3 (Groundball, 5, EV 85.6 MPH)
Batting: LHB Ryan Tipton 0-0: Called Strike
0-1: Ball
1-1: Foul Ball, location: 5SF
1-2: Fly out, F8 (Flyball, 8LXD, EV 90.0 MPH)
Batting: RHB Ben Celeste 0-0: SINGLE (Line Drive, 9S, EV 100.6 MPH)
Pitching: RHP David Dzik
Batting: LHB Pat Wilson 0-0: Foul Ball, location: 23F
0-1: Ball
1-1: Ground out 4-3 (Groundball, 4, EV 85.6 MPH)
Bottom of the 3rd over - 0 runs, 1 hit, 0 errors, 1 left on base; Los Angeles 1 - Oakland 0
TOP OF THE 4TH
Los Angeles Dodgers batting - Pitching for Oakland Athletics : LHP Brendon Howell
Batting: RHB Victor Salinas 0-0: Ground out 4-3 (Groundball, 4, EV 86.3 MPH)
Batting: LHB Greg Thompson 0-0: Foul Ball, location: 2F
0-1: Ball
1-1: Ball
2-1: Ball
3-1: SINGLE (Line Drive, 9S, EV 99.4 MPH)
Batting: RHB Luis Lozada 0-0: Called Strike
0-1: Called Strike
0-2: 2-RUN HOME RUN (Flyball, 78XD, EV 111.9 MPH), Distance : 441 ft
Batting: RHB Bryan Uplinger 0-0: Hit by Pitch
Batting: RHB Ron Ascencio Pickoff Play to 1st, Runner tries for 2nd, OUT after rundown.
0-0: Ball
1-0: Swinging Strike
1-1: Foul Ball, location: 2F
1-2: Strikes out swinging
Top of the 4th over - 2 runs, 2 hits, 0 errors, 0 left on base; Los Angeles 3 - Oakland 0
BOTTOM OF THE 4TH
Oakland Athletics batting - Pitching for Los Angeles Dodgers : RHP David Dzik
Batting: LHB Ivan Suarez 0-0: Called Strike
0-1: Swinging Strike
0-2: Ball
1-2: Foul Ball, location: 2F
1-2: Foul Ball, location: 2F
1-2: Foul Ball, location: 7LDF
1-2: Foul Ball, location: 7LMF
1-2: Strikes out swinging
Batting: RHB Randy Fowler 0-0: Ground out 1-3 (Groundball, 15S, EV 70.0 MPH)
Batting: RHB Joey George 0-0: Foul Ball, location: 9LMF
0-1: Ball
1-1: Foul Ball, location: 23F
1-2: Foul Ball, location: 9LDF
1-2: Ball
2-2: Ground out 4-3 (Groundball, 4, EV 83.8 MPH)
Bottom of the 4th over - 0 runs, 0 hits, 0 errors, 0 left on base; Los Angeles 3 - Oakland 0
TOP OF THE 5TH
Los Angeles Dodgers batting - Pitching for Oakland Athletics : LHP Brendon Howell
Batting: SHB Freddie Mitchell 0-0: Ball
1-0: Called Strike
1-1: Foul Ball, location: 3DF
1-2: Foul Ball, location: 3FF
1-2: SINGLE (Flyball, 89S, EV 90.6 MPH)
Batting: RHB Brad Horwath 0-0: Called Strike
0-1: Ball
1-1: Foul Ball, location: 2F
1-2: Ball
2-2: Ball
3-2: Strikes out swinging
Freddie Mitchell steals 2nd base
Batter strikes out.
Batting: RHB Dan Boyd 0-0: Foul Ball, location: 2F
0-1: Ground out 6-3 (Groundball, 56, EV 103.1 MPH)
Freddie Mitchell to third
Batting: RHB John Spohn 0-0: Ball
1-0: Ball
2-0: Ball
3-0: Foul Ball, location: 5F
3-1: Foul Ball, location: 3FF
3-2: TRIPLE (Flyball, 8RXD, EV 104.4 MPH)
Freddie Mitchell scores
Batting: RHB Victor Salinas 0-0: SINGLE (Line Drive, 4D, EV 98.8 MPH)
John Spohn scores
Batting: LHB Greg Thompson 0-0: 2-RUN HOME RUN (Line Drive, 89XD, EV 110.0 MPH), Distance : 417 ft
Pitching: RHP Dylan Mayes
Batting: RHB Luis Lozada 0-0: Called Strike
0-1: SOLO HOME RUN (Flyball, 89XD, EV 101.3 MPH), Distance : 398 ft
Batting: RHB Bryan Uplinger 0-0: Ball
1-0: SINGLE (Line Drive, 9S, EV 85.6 MPH)
Batting: RHB Ron Ascencio 0-0: Called Strike
0-1: Called Strike
0-2: Fielders Choice at 2nd, 5-4 (Groundball, 56, EV 101.3 MPH)
Top of the 5th over - 5 runs, 6 hits, 0 errors, 1 left on base; Los Angeles 8 - Oakland 0
BOTTOM OF THE 5TH
Oakland Athletics batting - Pitching for Los Angeles Dodgers : RHP David Dzik
Batting: RHB Jerome Bathgate 0-0: Called Strike
0-1: Swinging Strike
0-2: Fly out, F8 (Flyball, 8RD, EV 100.0 MPH)
Batting: LHB Gene Del Vecchio 0-0: Foul Ball, location: 2F
0-1: Swinging Strike
0-2: Strikes out swinging
Batting: RHB Tom Karr 0-0: Called Strike
0-1: Fly out, F6 (Popup, 6M, EV 62.5 MPH)
Bottom of the 5th over - 0 runs, 0 hits, 0 errors, 0 left on base; Los Angeles 8 - Oakland 0
TOP OF THE 6TH
Los Angeles Dodgers batting - Pitching for Oakland Athletics : RHP Dylan Mayes
Batting: SHB Freddie Mitchell 0-0: Foul Ball, location: 2F
0-1: SINGLE (Flyball, 78S, EV 87.5 MPH)
Batting: RHB Brad Horwath 0-0: Foul Ball, location: 3F
0-1: Ball
1-1: Foul Ball, location: 3SF
1-2: Fly out, F6 (Popup, 6MD, EV 56.9 MPH)
Batting: RHB Dan Boyd 0-0: Ball
1-0: Swinging Strike
1-1: Foul Ball, location: 9LSF
1-2: Ball
2-2: Ball
3-2: SINGLE (Groundball, 56D, EV 103.1 MPH)
Freddie Mitchell to second
Batting: RHB John Spohn 0-0: Fielders Choice at 2nd, 4-6 (Groundball, 34, EV 102.5 MPH)
Freddie Mitchell to third
Batting: RHB Victor Salinas 0-0: Foul Ball, location: 5FF
0-1: Foul Ball, location: 2F
0-2: Ball
1-2: Ball
2-2: Ground out 6-3 (Groundball, 6M, EV 98.8 MPH)
Top of the 6th over - 0 runs, 2 hits, 0 errors, 2 left on base; Los Angeles 8 - Oakland 0
BOTTOM OF THE 6TH
Oakland Athletics batting - Pitching for Los Angeles Dodgers : RHP David Dzik
Batting: LHB Ryan Tipton 0-0: Called Strike
0-1: Ground out 4-3 (Groundball, 4, EV 105.6 MPH)
Batting: RHB Ben Celeste 0-0: Swinging Strike
0-1: Ball
1-1: Foul Ball, location: 7LSF
1-2: Ball
2-2: Ball
3-2: Base on Balls
Batting: LHB Pat Wilson 0-0: Ball
Ben Celeste steals 2nd, throwing error, E2
Ben Celeste to third
1-0: Foul Ball, location: 23F
1-1: Called Strike
1-2: Ground out U3 (Groundball, 34, EV 102.5 MPH)
Pitching: RHP Eric Beattie
Batting: LHB Ivan Suarez 0-0: Called Strike
0-1: Ball
1-1: Ball
2-1: Swinging Strike
2-2: Strikes out swinging
Bottom of the 6th over - 0 runs, 0 hits, 1 error, 1 left on base; Los Angeles 8 - Oakland 0
TOP OF THE 7TH
Los Angeles Dodgers batting - Pitching for Oakland Athletics : RHP Dylan Mayes
Batting: LHB Greg Thompson 0-0: Ball
1-0: Ball
2-0: Called Strike
2-1: Swinging Strike
2-2: Foul Ball, location: 2F
2-2: Foul Ball, location: 9LSF
2-2: Ball
3-2: Foul Ball, location: 7LDF
3-2: Base on Balls
Batting: RHB Luis Lozada 0-0: Foul Ball, location: 9LDF
0-1: Foul Ball, location: 2F
0-2: Ball
1-2: Foul Ball, location: 25FF
1-2: DOUBLE (Line Drive, 9LS, EV 98.1 MPH)
Greg Thompson to third
Pitching: RHP Steven Cadmus
Batting: RHB Bryan Uplinger 0-0: Called Strike
0-1: Foul Ball, location: 3F
0-2: Ball
1-2: Foul Ball, location: 9LSFF
1-2: Foul Ball, location: 2F
1-2: SINGLE (Groundball, 15, EV 63.8 MPH) (infield hit)
Batting: RHB Ron Ascencio 0-0: DOUBLE (Groundball, 5L, EV 96.9 MPH)
Greg Thompson scores
Luis Lozada scores
Bryan Uplinger to third
Batting: SHB Freddie Mitchell 0-0: Ball
1-0: Swinging Strike
1-1: Swinging Strike
1-2: Ball
2-2: Ball
3-2: Base on Balls
Batting: RHB Brad Horwath 0-0: Fly out, F9 (Flyball, 9S, EV 99.4 MPH)
Lined into DP, 9-6 (Flyball, 9S, EV 99.4 MPH)
Batting: RHB Dan Boyd 0-0: Foul Ball, location: 3DF
0-1: Fielders Choice at 2nd, 6-4 (Groundball, 6, EV 88.8 MPH)
Top of the 7th over - 2 runs, 3 hits, 0 errors, 2 left on base; Los Angeles 10 - Oakland 0
BOTTOM OF THE 7TH
Oakland Athletics batting - Pitching for Los Angeles Dodgers : RHP Eric Beattie
Batting: RHB Randy Fowler 0-0: Ball
1-0: Called Strike
1-1: Swinging Strike
1-2: Foul Ball, location: 5F
1-2: Strikes out swinging, 2-3 out at first.
Batting: RHB Joey George 0-0: Called Strike
0-1: Ball
1-1: Ground out 5-3 (Groundball, 56, EV 106.3 MPH)
Batting: RHB Jerome Bathgate 0-0: SINGLE (Groundball, 4MD, EV 98.1 MPH)
Batting: LHB Gene Del Vecchio 0-0: SINGLE (Groundball, 34D, EV 100.0 MPH)
Jerome Bathgate to second
Runner from 2nd tries for 3rd, SAFE, no throw by RF
Pinch Hitting: LHB Kyle O'Connor 0-0: Ball
1-0: Swinging Strike
1-1: Ball
2-1: Ball
3-1: Fly out, F7 (Flyball, 78M, EV 81.9 MPH)
Bottom of the 7th over - 0 runs, 2 hits, 0 errors, 2 left on base; Los Angeles 10 - Oakland 0
TOP OF THE 8TH
Los Angeles Dodgers batting - Pitching for Oakland Athletics : RHP Steven Cadmus
Now at SS: David Reichel
Batting: RHB John Spohn 0-0: Foul Ball, location: 25F
0-1: Ball
1-1: Foul Ball, location: 2F
1-2: Foul Ball, location: 3SF
1-2: Foul Ball, location: 9LMF
1-2: DOUBLE (Line Drive, 89D, EV 87.5 MPH)
Pinch Hitting: LHB Joel Holden 0-0: Ball
1-0: SINGLE (Line Drive, 9S, EV 100.0 MPH)
John Spohn to third
Batting: LHB Greg Thompson 0-0: Ball
1-0: Ball
2-0: Fly out, F9 (Flyball, 9, EV 96.9 MPH)
Runner from 3rd tags up, SCORES, no throw by RF
Batting: RHB Luis Lozada 0-0: Called Strike
0-1: Called Strike
0-2: Foul Ball, location: 3SF
0-2: Ball
1-2: Strikes out swinging
Batting: RHB Bryan Uplinger 0-0: Swinging Strike
0-1: Called Strike
0-2: Ball
Wild Pitch!
Joel Holden to second
1-2: SINGLE (Groundball, 6S, EV 68.1 MPH) (infield hit)
Joel Holden to third
Batting: RHB Ron Ascencio 0-0: Called Strike
0-1: Called Strike
0-2: Strikes out looking
Top of the 8th over - 1 run, 3 hits, 0 errors, 2 left on base; Los Angeles 11 - Oakland 0
BOTTOM OF THE 8TH
Oakland Athletics batting - Pitching for Los Angeles Dodgers : RHP Eric Beattie
Now at 1B: Joel Holden
Batting: LHB Ryan Tipton 0-0: Ball
1-0: Foul Ball, location: 23FF
1-1: Ball
2-1: Fly out, F8 (Flyball, 8RD, EV 94.4 MPH)
Batting: RHB Ben Celeste 0-0: Foul Ball, location: 5FF
0-1: Ball
1-1: Ball
2-1: DOUBLE (Line Drive, 9LM, EV 95.6 MPH)
Batting: LHB Pat Wilson 0-0: Ball
1-0: Foul Ball, location: 3F
1-1: Swinging Strike
1-2: SINGLE (Line Drive, 8RS, EV 100.6 MPH)
Ben Celeste to third
Runner from 3rd tries for Home, SAFE, throw by CF to home
Batting: LHB Ivan Suarez 0-0: Foul Ball, location: 7LSF
0-1: Ball
1-1: 2-RUN HOME RUN (Flyball, 9LD, EV 95.6 MPH), Distance : 377 ft
Pinch Hitting: LHB Mario Marquez 0-0: Ball
1-0: Ball
2-0: Swinging Strike
2-1: Ground out 4-3 (Groundball, 4, EV 81.9 MPH)
Batting: RHB Joey George 0-0: Ground out 6-3 (Groundball, 6S, EV 80.6 MPH)
Bottom of the 8th over - 3 runs, 3 hits, 0 errors, 0 left on base; Los Angeles 11 - Oakland 3
TOP OF THE 9TH
Los Angeles Dodgers batting - Pitching for Oakland Athletics : RHP Steven Cadmus
Now at 2B: Mario Marquez
Batting: SHB Freddie Mitchell 0-0: Called Strike
0-1: Ball
1-1: Called Strike
1-2: Fly out, F7 (Flyball, 7D, EV 102.5 MPH)
Pitching: RHP Ken Iddiols
Batting: RHB Brad Horwath 0-0: Called Strike
0-1: Called Strike
0-2: Ball
1-2: Ball
2-2: Foul Ball, location: 2F
2-2: Ground out 4-3 (Groundball, 4, EV 88.1 MPH)
Batting: RHB Dan Boyd 0-0: Called Strike
0-1: SINGLE (Line Drive, 4MD, EV 103.1 MPH)
Batting: RHB John Spohn 0-0: Fielders Choice at 2nd, 6-4 (Groundball, 6, EV 81.9 MPH)
Top of the 9th over - 0 runs, 1 hit, 0 errors, 1 left on base; Los Angeles 11 - Oakland 3
BOTTOM OF THE 9TH
Oakland Athletics batting - Pitching for Los Angeles Dodgers : RHP Eric Beattie
Batting: RHB Jerome Bathgate 0-0: Ball
1-0: Ball
2-0: Called Strike
2-1: SINGLE (Groundball, 6MD, EV 103.8 MPH)
Pitching: RHP David Revis
Batting: LHB Gene Del Vecchio 0-0: Ball
1-0: Swinging Strike
1-1: Fly out, F7 (Flyball, 7LS, EV 81.9 MPH)
Pinch Hitting: RHB Dallas Lentz 0-0: SINGLE (Line Drive, 78S, EV 104.4 MPH)
Jerome Bathgate to second
Batting: LHB Ryan Tipton 0-0: Ball
1-0: Ball
2-0: Foul Ball, location: 2F
2-1: Foul Ball, location: 2F
2-2: Ball
3-2: Foul Ball, location: 7LMF
3-2: Base on Balls
Jerome Bathgate to third
Dallas Lentz to second
Batting: RHB Ben Celeste 0-0: Ball
1-0: Grounds into fielders choice 5-2 (Groundball, 5S, EV 68.1 MPH)
Dallas Lentz to third
Ryan Tipton to second
Batting: LHB Pat Wilson 0-0: Ball
1-0: Ball
2-0: Swinging Strike
2-1: Foul Ball, location: 3F
2-2: Foul Ball, location: 2F
2-2: Foul Ball, location: 3F
2-2: Foul Ball, location: 3F
2-2: DOUBLE (Flyball, 89D, EV 105.0 MPH)
Dallas Lentz scores
Ryan Tipton scores
Ben Celeste to third
Pitching: LHP Jose Amaro
Batting: LHB Ivan Suarez 0-0: Called Strike
0-1: Ball
1-1: Foul Ball, location: 23FF
1-2: Strikes out swinging
Bottom of the 9th over - 2 runs, 3 hits, 0 errors, 2 left on base; Los Angeles 11 - Oakland 5
Thursday, April 4th , 2024 - OOTP Baseball 24.11 Build 85